 Dungeon Crawl Stone Soup version 0.30-a0-777-ga9a30cbeda (webtiles) character file.

Game seed: 16700423587551197211

74 Newt the Trooper (level 4, -1/37 HPs)
             Began as a Demonspawn Gladiator on Feb 13, 2023.
             Killed from afar by an orc wizard (10 damage)
             ... with a magic dart
             ... on level 1 of the Dungeon.
             The game lasted 00:01:54 (1509 turns).

Newt the Trooper (Demonspawn Gladiator)             Turns: 1509, Time: 00:01:55

Health: -1/37      AC:  3    Str: 16    XL:     4   Next: 9%
Magic:  4/4        EV: 12    Int: 10    God:
Gold:   1136       SH:  0    Dex: 14    Spells: 3/3 levels left

rFire   . . .      SeeInvis .    a - +0 rapier
rCold   . . .      Faith    .    (no shield)
rNeg    . . .      Spirit   .    b - +0 leather armour
rPois   .          Reflect  .    (helmet restricted)
rElec   .          Harm     .    (no cloak)
rCorr   .          Rampage  .    (no gloves)
Will    +....                    (no boots)
Stlth   +                        k - amulet of the acrobat
HPRegen 0.26/turn                j - ring of willpower
MPRegen 0.09/turn                (no ring)

@: no status effects
A: horns 1
a: no special abilities


You were on level 1 of the Dungeon.
You visited 1 branch of the dungeon, and saw 2 of its levels.

You collected 1136 gold pieces.

Inventory:

Hand Weapons
 a - a +0 rapier (weapon)
Missiles
 d - a throwing net (quivered)
Armour
 b - a +0 leather armour (worn)
 c - a +0 helmet
Jewellery
 j - a ring of willpower (left hand)
 k - an amulet of the acrobat (around neck)
Scrolls
 f - a scroll of vulnerability {unknown}
 g - a scroll of fear
 h - a scroll of noise {unknown}
Potions
 e - a potion of mutation


   Skills:
 - Level 4.0 Fighting
 + Level 3.2 Short Blades
 - Level 1.7 Throwing
 - Level 2.6 Dodging


You had 3 spell levels left.
You didn't know any spells.
Your spell library was empty.

Dungeon Overview and Level Annotations

Branches:
Dungeon (2/15)

Altars:


Innate Abilities, Weirdness & Mutations

You have a pair of small horns on your head.


Message History

The orc wizard hits you but does no damage.
The orc hits you with a +0 dagger.
The orc wizard hits you with a +0 dagger.
The orc hits you with a +0 dagger.
You hit the orc but do no damage. You headbutt the orc, but do no damage.
The orc is heavily wounded.
The orc wizard casts a spell at you. The puff of flame misses you.
The orc hits you with a +0 dagger.
* * * LOW HITPOINT WARNING * * *
You hit the orc but do no damage. You headbutt the orc, but do no damage.
The orc is heavily wounded.
The orc wizard hits you but does no damage.
The orc hits you but does no damage.
You hit the orc.
You kill the orc!
The orc wizard hits you with a +0 dagger.
* * * LOW HITPOINT WARNING * * *
Throw: 2 throwing nets
Press: ? - help, Q - select action Shift-Dir - straight line, f - orc wizard
Aim: an orc wizard, wielding a +0 dagger and wearing a +0 robe (53% to hit)
You throw a throwing net. The throwing net hits the orc wizard.
The orc wizard is caught in the net!
The orc wizard struggles against the net.
You hit the orc wizard but do no damage.
The orc wizard struggles against the net.
You hit the orc wizard.
The orc wizard is lightly wounded.
The orc wizard struggles against the net.
You hit the orc wizard but do no damage.
The orc wizard is lightly wounded.
The orc wizard points at you and mumbles some strange words.
The puff of flame misses you.
The orc wizard struggles against the net.
You hit the orc wizard.
The orc wizard is lightly wounded.
You hit the orc wizard but do no damage.
The orc wizard is lightly wounded.
The orc wizard points at you and mumbles some strange words.
The magic dart hits you!
You die...

#.# #.# ## #.# #.# #.
###########.####.#####.
#......................
#.##.............#####'
#.##.....#.......##....
#.#..............##....
#.###.))#)#......##....
#....)@##.##.....##....
#.###o)...##.....##....
#......##.##.....##....
#..........+...........
##.........##.....#####.
####...##............#####.
#....................#.....
####.#.##.........#..#.###.
#.#.##...##.##.#..#.###.


You could see an orc wizard (caught).

Vanquished Creatures
  Robin (D:1)
  2 adders
  A worm (D:2)
  3 orcs (D:1)
  2 bats (D:1)
  3 endoplasms
  A giant cockroach (D:1)
  11 goblins
  A hobgoblin (D:1)
  3 quokkas
  A ball python (D:1)
  3 frilled lizards
  A kobold (D:1)
  4 rats (D:1)
37 creatures vanquished.

Notes
Turn   | Place    | Note
-------+----------+-------------------------------------------
     0 | D:1      | Newt the Demonspawn Gladiator began the quest for the Orb.
     0 | D:1      | Reached XP level 1. HP: 16/16 MP: 1/1
   187 | D:1      | Gained mutation: You have a pair of small horns on your
                  | head. [demonic ancestry]
   187 | D:1      | Reached XP level 2. HP: 2/23 MP: 2/2
   319 | D:1      | Reached skill level 3 in Fighting
   841 | D:2      | Reached XP level 3. HP: 27/29 MP: 3/3
   852 | D:2      | Identified a scroll of acquirement
   852 | D:2      | Acquired 1063 gold pieces
  1123 | D:2      | Noticed Robin
  1376 | D:1      | Reached skill level 4 in Fighting
  1462 | D:1      | Killed Robin
  1463 | D:1      | Reached XP level 4. HP: 31/37 MP: 4/4
  1509 | D:1      | Killed from afar by an orc wizard

Illustrated notes

Levels and vault maps discovered:
D:1:      wander_arrival_peaceful_grave, layout_basic
D:2:      layout_basic, minmay_misc_feat_alley, uniq_robin

Skill      XL: |  1  2  3 |
---------------+----------+-----
Fighting       | 3 4 |  4.0
Short Blades   | 3 |  3.2
Throwing       | |  1.7
Dodging        | |  2.6

Action                     |  1- 3 |  4- 6 || total
---------------------------+-------+-------++-------
  Melee: Rapier            |   102 |    16 ||   118
         Headbutt          |    15 |     3 ||    18
  Throw: Javelin           |     1 |       ||     1
         Throwing net      |     4 |     1 ||     5
    Use: Scroll            |     4 |       ||     4
   Stab: Sleeping          |     1 |       ||     1
 Armour: Leather armour    |    38 |     6 ||    44
  Dodge: Dodged            |    84 |     9 ||    93

Table legend: (Time is in decaauts)
 A = Elapsed time spent in this place.
 B = Non-inter-level travel time spent in this place.
 C = Inter-level travel time spent in this place.
 D = Time resting spent in this place.
 E = Time spent auto-exploring this place.
 F = Levels seen in this place.
 G = Mean time per level.
                   A        B        C        D        E       F      G
               +--------+--------+--------+--------+--------+-----+--------+
         Total |   1522 |   1480 |     42 |    327 |    879 |   2 |  761.0 |
       Dungeon |   1522 |   1480 |     42 |    327 |    879 |   2 |  761.0 |
               +--------+--------+--------+--------+--------+-----+--------+

Top non-repeatable levels by time:
     D:1: 1210 daAuts
     D:2: 311 daAuts
